 Dungeon Crawl Stone Soup version 0.18-a0-19-g8b99b3a (webtiles) character file.

1346 Ijustatesigmund the Sneak (level 8, 0/48 HPs)
             Began as a Gargoyle Artificer on Nov 1, 2015.
             Slain by an ice beast (11 damage)
             ... on level 6 of the Dungeon.
             The game lasted 00:16:40 (5997 turns).

Ijustatesigmund the Sneak (Gargoyle Artificer)      Turns: 5997, Time: 00:16:41

Health: 0/48       AC: 12    Str: 17    XL:     8   Next: 62%
Magic:  5/10       EV: 14    Int: 14    God:
Gold:   196        SH:  0    Dex: 11    Spells: 1 memorised, 6 levels left

rFire  . . .     SeeInvis .     a - +2 short sword
rCold  . . .     Clarity  .     b - +0 leather armour
rNeg   + . .     SustAt   .     (no shield)
rPois  ∞         Gourm    .     (no helmet)
rElec  +         Spirit   .     u - +1 cloak
rCorr  .         Warding  .     m - +1 pair of gloves
rMut   .         Stasis   .     (no boots)
MR     .....                    (no amulet)
Stlth  +++.......               D - +2 ring of strength
                                B - +3 ring of evasion

@: not resistant to hostile enchantments, fairly stealthy
A: negative energy resistance 1, electricity resistance, unbreathing,
petrification resistance, rot immunity, AC +5
a: no special abilities


You were on level 6 of the Dungeon.
You were not hungry.

You visited 1 branch of the dungeon, and saw 6 of its levels.

You collected 196 gold pieces.

Inventory:

Hand Weapons
 a - a +2 short sword (weapon)
 o - a +0 hunting sling
Missiles
 l - 6 javelins (quivered)
 p - 7 sling bullets of frost
 v - 20 sling bullets
Armour
 b - a +0 leather armour (worn)
 m - a +1 pair of gloves (worn)
 u - a +1 cloak (worn)
Jewellery
 k - a cursed amulet of clarity {unknown}
 B - a +3 ring of evasion (left hand)
 D - a +2 ring of strength (right hand)
Wands
 c - a wand of flame (13)
 d - a wand of enslavement (15)
 e - a wand of random effects (13)
 y - a wand of cold (2)
Scrolls
 t - a scroll of fear
 C - 2 scrolls of fog
Potions
 g - 2 potions of haste
 h - 2 potions of magic
 i - 2 potions of lignification
 n - 3 potions of might
 q - 3 potions of curing
 r - a potion of ambrosia {unknown}
 w - a potion of agility {unknown}
 x - a potion of resistance {unknown}
 z - a potion of heal wounds
Books
 s - a book of Debilitation

   Spells                             Type                      Level
   a - Corona                         Hexes                        1
   b - Slow                           Hexes                        2
   c - Gell's Gravitas                Hexes/Translocation          3
   d - Inner Flame                    Hexes/Fire                   3
   e - Cause Fear                     Hexes                        4
   f - Leda's Liquefaction            Hexes/Earth                  4
 A - a book of Conjurations

   Spells                             Type                      Level
   a - Magic Dart                     Conjuration                  1
   b - Searing Ray                    Conjuration                  2
   c - Dazzling Spray                 Conjuration/Hexes            3
   d - Fulminant Prism                Conjuration/Hexes            4
   e - Iskenderun's Mystic Blast      Conjuration                  4
   f - Iskenderun's Battlesphere      Conjuration/Charms           5
Comestibles
 f - 5 bread rations
 j - 3 meat rations


   Skills:
 - Level 4.1 Fighting
 + Level 5.5 Short Blades
 - Level 1.5 Dodging
 + Level 7.1 Stealth
 + Level 4.3 Conjurations
 - Level 2.6 Evocations


You had 6 spell levels left.
You knew the following spells:

 Your Spells              Type           Power        Failure   Level  Hunger
a - Magic Dart            Conj           ##..         10%         1    ##.....


Dungeon Overview and Level Annotations

Branches:
Dungeon (6/15)
 Temple: D:4-7

Altars:
Dithmenos
Fedhas
Gozag
Kikubaaqudgha
Nemelex Xobeh
Qazlal
The Shining One


Innate Abilities, Weirdness & Mutations

You are resistant to torment.
Your stone body is resilient (AC +5).
You are immune to poison.
You resist negative energy.
You are resistant to electric shocks.
You can survive without breathing.
You are immune to petrification.
You are immune to rotting.


Message History

Press: ? - help, Shift-Dir - straight line, f/p - ice beast
Aim: an ice beast (lightly wounded)
The magic dart hits the ice beast.
The ice beast is moderately wounded.
Casting: Magic Dart
Confirm with . or Enter, or press ? or * to list all spells.
Aiming: Magic Dart
Press: ? - help, Shift-Dir - straight line, f/p - ice beast
Aim: an ice beast (moderately wounded)
The magic dart hits the ice beast.
The ice beast is moderately wounded.
You hit the ice beast but do no damage.
The ice beast is moderately wounded.
The ice beast closely misses you.
You hit the ice beast.
The ice beast is moderately wounded.
The ice beast hits you.
* * * LOW HITPOINT WARNING * * *
The ice beast freezes you!
You die...

### ###### #.$ ....# #.#
##...## #.###§..§.##
##### #.##§§..§§.##
....######.#§§§.@§§§§###
.<..........).(.Y§).§§.#
.....#####......_.§§§..#
......####.........§§§.#
........#..#§§....§§§#?#
.....##....##§§.$§§§##
....###....###!..§§##
.######....####..§## ..#
##.............


You could see an ice beast.

Vanquished Creatures
  Pikel (D:5)
  An ogre (D:5)
  4 slaves (D:5)
  An ice beast (D:6)
  A giant frog (D:6)
  A scorpion (D:4)
  2 hounds
  A crimson imp (D:6)
  Crazy Yiuf (D:3)
  A giant frog skeleton (D:5)
  2 orc wizards (D:5)
  4 worker ants
  4 gnolls (D:4)
  A shadow imp (D:5)
  7 adders
  3 oozes
  2 worms
  2 adder skeletons (D:5)
  3 giant geckos
  20 orcs
  3 giant cockroaches
  7 hobgoblins
  13 jackals
  7 kobolds
  3 quokkas
  2 ball pythons
  A ball python skeleton (D:5)
  8 bats
  A giant gecko zombie (D:6)
  5 giant newts
  6 goblins
  9 rats
127 creatures vanquished.

Vanquished Creatures (others)
  A water moccasin skeleton (D:5)
  An orc wizard (D:5)
2 creatures vanquished.

Grand Total: 129 creatures vanquished

Notes
Turn   | Place    | Note
--------------------------------------------------------------
     0 | D:1      | Ijustatesigmund the Gargoyle Artificer began the quest for the Orb.
     0 | D:1      | Reached XP level 1. HP: 12/12 MP: 2/2
    87 | D:1      | Reached skill level 1 in Short Blades
   240 | D:1      | Reached XP level 2. HP: 10/16 MP: 4/4
   833 | D:2      | Reached XP level 3. HP: 8/20 MP: 5/5
  1200 | D:2      | Found a stormy altar of Qazlal.
  1278 | D:2      | Reached XP level 4. HP: 19/26 MP: 6/6
  1413 | D:2      | Reached skill level 3 in Stealth
  2148 | D:2      | Found a blossoming altar of Fedhas.
  2862 | D:3      | Found a glowing golden altar of the Shining One.
  2862 | D:3      | Found an ancient bone altar of Kikubaaqudgha.
  2914 | D:3      | Noticed Crazy Yiuf
  2960 | D:4      | Reached XP level 5. HP: 29/31 MP: 7/7
  3794 | D:3      | Killed Crazy Yiuf
  3794 | D:3      | Reached skill level 4 in Stealth
  3794 | D:3      | Reached XP level 6. HP: 28/37 MP: 8/8
  4489 | D:5      | Entered Level 5 of the Dungeon
  4731 | D:5      | Found an opulent altar of Gozag.
  4737 | D:5      | Reached XP level 7. HP: 40/43 MP: 9/9
  4785 | D:5      | Learned a level 1 spell: Magic Dart
  5044 | D:5      | Noticed Pikel
  5056 | D:5      | Killed Pikel
  5056 | D:5      | Reached skill level 6 in Stealth
  5056 | D:5      | Reached XP level 8. HP: 34/48 MP: 10/10
  5090 | D:5      | Reached skill level 5 in Short Blades
  5869 | D:6      | Found a sparkling altar of Nemelex Xobeh.
  5919 | D:6      | Reached skill level 7 in Stealth
  5958 | D:6      | Found a shadowy altar of Dithmenos.
  5997 | D:6      | Slain by an ice beast

Vault maps used:
D:1:      dpeg_arrival_round_b
D:2:      fedhas_altar_4, lemuel_coloured_pillars_altar, kennysheep_cross_room
D:3:      gammafunk_temple_overflow_elements, kennysheep_generic_room_12,
          uniq_crazy_yiuf_cottage
D:4:      serial_forest, infiniplex_forest_lined_2, infiniplex_forest_lined_2,
          infiniplex_forest_end_3, infiniplex_forest_clump_small,
          infiniplex_forest_lined_4_way
D:5:      nicolae_gozag_seed_capital, first_bread, uniq_pikel
D:6:      nemelex_xobeh_ov_fountains_minmay, yredelemnul_altar_generic,
          nicolae_dithmenos_the_darkroom, serial_shops, nicolae_shop_crystal

Action                   |  1- 3 |  4- 6 |  7- 9 || total
-------------------------+-------+-------+-------++-------
Melee: Short sword       |   120 |   269 |   166 ||   555
       Quarterstaff      |       |    69 |    40 ||   109
Throw: Javelin           |       |     4 |    19 ||    23
 Cast: Magic Dart        |       |       |    13 ||    13
Evoke: Wand              |     3 |     1 |     1 ||     5
  Use: Scroll            |     4 |     7 |     7 ||    18
       Potion            |       |     1 |       ||     1
 Stab: Sleeping          |     3 |     8 |     6 ||    17
       Paralysed         |       |     1 |       ||     1
       Petrifying        |       |       |     1 ||     1
  Eat: Chunk             |       |    10 |       ||    10
       Pizza             |       |     1 |     1 ||     2
       Bread ration      |       |       |     1 ||     1
